 Dungeon Crawl Stone Soup version 0.29.1-15-g9cfb28693d (webtiles) character file.

Game seed: 471101081637094667

13412 BuddhaDhamma the Executioner (level 11, 0/82 HPs)
             Began as a Minotaur Berserker on Mar 6, 2023.
             Was a High Priest of Trog.
             Slain by Jorgrun
             ... wielding a staff of earth
              (2 damage)
             ... on level 12 of the Dungeon.
             The game lasted 00:24:19 (13160 turns).

BuddhaDhamma the Executioner (Minotaur Berserker)  Turns: 13160, Time: 00:24:20

Health: 0/82       AC:  9    Str: 37    XL:     11   Next: 75%
Magic:  10/10      EV: 10    Int:  4    God:    Trog [*****.]
Gold:   270        SH:  0    Dex: 16    Spells: 10/10 levels left

rFire   + . .      SeeInvis .   G - +2 battleaxe (vorpal)
rCold   . . .      Faith    +   (shield currently unavailable)
rNeg    . . .      Spirit   .   a - +2 chain mail {rF+}
rPois   +          Reflect  .   (helmet restricted)
rElec   .          Harm     .   D - +2 cloak {rPois}
rCorr   +          Rampage  .   (no gloves)
Will    .....                   b - +2 pair of boots of Hav Unimp {Str+5}
Stlth   ..........              r - amulet of faith
HPRegen 0.23/turn               A - ring "Cereclof" {rCorr Dex+6 Slay+3}
MPRegen 0.12/turn               B - +6 ring of strength

@: lethally poisoned (0 -> -9), corroded, on berserk cooldown, slowed, very slow
A: horns 2, retaliatory headbutt
a: Renounce Religion, Berserk, Trog's Hand, Brothers in Arms


You were on level 12 of the Dungeon.
You worshipped Trog.
Trog was extremely pleased with you.
You visited 1 branch of the dungeon, and saw 12 of its levels.
You also visited: Bailey.

You collected 814 gold pieces.
You spent 544 gold pieces at shops.

Inventory:

Hand Weapons
 G - a +2 vorpal battleaxe (weapon)
Missiles
 j - 14 poisoned darts (quivered)
 m - 5 atropa-tipped darts
Armour
 a - a +2 chain mail of fire resistance (worn)
 b - the +2 pair of boots of Hav Unimp (worn) {Str+5}
   (You acquired it on level 3 of the Dungeon)

   Str:       It affects your strength (+5).
 p - a scarf of resistance
 D - a +2 cloak of poison resistance (worn)
Jewellery
 r - an amulet of faith (around neck)
 A - the ring "Cereclof" (left hand) {rCorr Dex+6 Slay+3}
   (You found it on level 6 of the Dungeon)

   [ring of resist corrosion]

   Dex:       It affects your dexterity (+6).
   Slay:      It affects your accuracy & damage with ranged weapons and melee
   (+3).
   rCorr:     It protects you from acid and corrosion.
 B - a +6 ring of strength (right hand)
Wands
 n - a wand of roots (5)
 o - a wand of flame (34)
 v - a wand of charming (7)
 I - a wand of quicksilver (9)
Scrolls
 y - a scroll of blinking
 F - a scroll of poison
 H - a scroll of noise {unknown}
 K - a scroll of identify
 L - a scroll of brand weapon {unknown}
 M - 2 scrolls of teleportation
 N - a scroll of enchant armour
Potions
 d - a potion of heal wounds
 e - a potion of brilliance {unknown}
 f - a potion of ambrosia {unknown}
 h - 5 potions of attraction
 i - 2 potions of cancellation
 k - 3 potions of flight
 l - 3 potions of curing
 q - a potion of invisibility {unknown}
 s - 3 potions of mutation
 t - a potion of degeneration {unknown}
 u - a potion of might
 w - a potion of lignification {unknown}
 x - a potion of resistance {unknown}
 z - 2 potions of berserk rage
 C - 3 potions of haste
Miscellaneous
 c - a phial of floods
 E - a piece from Xom's chessboard (15/15)
 J - a piece from Xom's chessboard (15/15)


   Skills:
 - Level 3.6 Fighting
 + Level 21.8 Axes
 - Level 2.4 Armour
 - Level 2.1 Dodging


You had 10 spell levels left.
You didn't know any spells.
Your spell library was empty.

Dungeon Overview and Level Annotations

Branches:
Dungeon (12/15)            Temple (0/1) D:7            Lair (0/5) D:10
 Bailey (visited)
    Orc: D:9-12

Altars:
Ashenzari
Cheibriados
Dithmenos
Elyvilon
Fedhas
Kikubaaqudgha
Makhleb
Qazlal
Vehumet
Yredelemnul
Zin

Shops:
D:4 **   D:8 =   D:9 *

Annotations:
D:12 Jorgrun, Maurice


Innate Abilities, Weirdness & Mutations

You have a pair of horns on your head.
You reflexively headbutt those who attack you in melee.


Message History

You slice the gnoll!!
You kill the gnoll!
Trog accepts your kill.
Items here: )) ††.
You hit the gnoll but do no damage. You slice the gnoll!!
You kill the gnoll!
Trog accepts your kill. The gnoll sergeant closely misses you.
You see here a +0 club.
You feel a strong urge to attack something.
You are no longer berserk.
You are exhausted.
You feel yourself slow down.
The gnoll sergeant hits you but does no damage.
Jorgrun says, "Tha earth be me home, an' ye be trespassing!"
Jorgrun hits you with a staff of earth! Jorgrun shatters you!!
* * * LOW HITPOINT WARNING * * *
You chop Jorgrun into pieces!!! You headbutt Jorgrun.
Jorgrun is heavily wounded.
You slash the gnoll sergeant! You miss something.
You hear some strange, mumbled words.
Jorgrun barely misses you.
The gnoll sergeant hits you with a +2 trident of venom.
* * * LOW HITPOINT WARNING * * *
You are poisoned.
You miss Jorgrun.
Jorgrun is heavily wounded.
You completely miss something. You slash the gnoll sergeant!
You kill the gnoll sergeant!
Trog accepts your kill.
* * * LOW HITPOINT WARNING * * *
You feel very sick. Something hits you.
* * * LOW HITPOINT WARNING * * *
Something steals your scroll of vulnerability!
Jorgrun hits you with a staff of earth.
* * * LOW HITPOINT WARNING * * *
Jorgrun shatters you.
You die...

#............
####..........#
..............#
..............#
..............#
#..$......# #.........#
.. #(##§g....# ..# #.#
#.##.@)...# .. ..# #.#
#.##......# ..# #.# #.#
#.##.)....# ..# #.# #.#
#.##.)....####..# #.#
#.# #.##............#
#.#
#.######.##............#
#.#
#......................#
#.# .
#.................####.#
#<#
.####.#####...........#
# # #.#


You could see Jorgrun.

Vanquished Creatures
  2 two-headed ogres (D:10)
  A gargoyle (Bailey)
  An unseen horror (D:12)
  Psyche (D:10)
  A komodo dragon (D:11)
  A troll (D:12)
  Grinder (D:5)
  Prince Ribbit (D:5)
  A vampire (Bailey)
  4 shadows
  2 wyverns
  Eustachio (D:4)
  25 yaks
  3 vampire mosquitoes (D:11)
  Menkaure (D:5)
  An acid dragon (D:12)
  Duvessa (D:7)
  4 orc warriors
  A sky beast (D:7)
  2 black bears
  An ice beast (D:6)
  An ogre (D:5)
  3 centaurs
  2 phantoms
  A kobold brigand (D:6)
  6 bullfrogs
  5 necrophages
  A water moccasin zombie (D:5)
  A gnoll sergeant (D:12)
  4 scorpions
  4 wights (D:7)
  Dowan (D:7)
  14 killer bees
  7 vampire bats (Bailey)
  7 wolf zombies (Bailey)
  2 howler monkeys (D:10)
  A bullfrog zombie (D:5)
  2 hounds
  4 orc priests
  Crazy Yiuf (D:7)
  3 jellies
  A gnoll bouda (D:5)
  5 iguanas
  8 orc wizards
  Ijyb (D:3)
  Natasha (twice) (D:2)
  3 hound zombies (D:5)
  14 gnolls
  8 adders
  3 shadow imps
  2 white imps
  An ufetubus (D:7)
  2 dart slugs
  25 orcs
  2 ball pythons (D:1)
  12 endoplasms
  2 giant cockroaches (D:2)
  12 goblins
  5 hobgoblins
  13 jackals
  6 kobolds
  5 quokkas
  4 bats
  4 frilled lizards
  22 orc zombies (Bailey)
  8 rats
296 creatures vanquished.

Vanquished Creatures (others)
  An orc wizard (D:6)
  A fungus (D:10)
  2 plants (D:10)
4 creatures vanquished.

Grand Total: 300 creatures vanquished

Notes
Turn   | Place    | Note
-------+----------+-------------------------------------------
     0 | D:1      | BuddhaDhamma the Minotaur Berserker began the quest for the
                  | Orb.
     0 | D:1      | Reached XP level 1. HP: 19/19 MP: 0/0
   173 | D:1      | Reached skill level 4 in Axes
   279 | D:1      | Reached XP level 2. HP: 26/26 MP: 1/1
   805 | D:1      | Reached skill level 5 in Axes
   805 | D:1      | Reached XP level 3. HP: 19/31 MP: 2/2
  1428 | D:2      | Found a faded altar of an unknown god.
  1479 | D:2      | Noticed Natasha
  1489 | D:2      | Killed Natasha
  1490 | D:2      | Reached skill level 6 in Axes
  1490 | D:2      | Reached XP level 4. HP: 34/39 MP: 3/3
  1848 | D:2      | Noticed Natasha
  1854 | D:2      | Killed Natasha
  2400 | D:3      | Reached XP level 5. HP: 45/45 MP: 4/4
  2452 | D:3      | Noticed Ijyb
  2457 | D:3      | Reached skill level 7 in Axes
  2463 | D:3      | Killed Ijyb
  2600 | D:3      | Reached ** piety under Trog
  3064 | D:3      | Identified a scroll of acquirement
  3064 | D:3      | Acquired the +2 pair of boots of Hav Unimp {Str+5}
  3249 | D:4      | Reached skill level 8 in Axes
  3258 | D:4      | Found Zin's Purification Station.
  3302 | D:4      | Found a glowing silver altar of Zin.
  3334 | D:4      | Noticed Eustachio
  3368 | D:4      | Killed Eustachio
  3369 | D:4      | Reached skill level 9 in Axes
  3369 | D:4      | Reached XP level 6. HP: 20/51 MP: 5/5
  3611 | D:4      | Noticed a fire elemental
  3637 | D:4      | Found a stormy altar of Qazlal.
  3639 | D:4      | Noticed an air elemental
  3639 | D:4      | Noticed a water elemental
  3907 | D:4      | Found Gekax Qoo's Assorted Antiques.
  4038 | D:4      | Found a snail-covered altar of Cheibriados.
  4160 | D:4      | Reached XP level 7. HP: 57/57 MP: 6/6
  4393 | D:5      | Entered Level 5 of the Dungeon
  4400 | D:5      | Reached skill level 10 in Axes
  4436 | D:5      | Found a broken altar of Ashenzari.
  4706 | D:5      | Reached skill level 11 in Axes
  4819 | D:5      | Reached *** piety under Trog
  4905 | D:5      | Found a basalt altar of Yredelemnul.
  4919 | D:5      | Reached XP level 8. HP: 58/64 MP: 7/7
  4971 | D:5      | Noticed Menkaure
  4979 | D:5      | Killed Menkaure
  4980 | D:5      | Reached skill level 12 in Axes
  5263 | D:5      | Noticed Prince Ribbit
  5279 | D:5      | Noticed Grinder
  5294 | D:5      | Killed Prince Ribbit
  5295 | D:5      | Reached skill level 13 in Axes
  5413 | D:5      | Paralysed by Grinder for 4 turns
  5427 | D:5      | Killed Grinder
  5691 | D:6      | Reached skill level 14 in Axes
  5795 | D:6      | Reached XP level 9. HP: 70/70 MP: 8/8
  5796 | D:6      | Found a burning altar of Makhleb.
  6084 | D:6      | Identified the ring "Cereclof" {rCorr Dex+6 Slay+3}
  6107 | D:6      | Reached **** piety under Trog
  6258 | D:6      | Reached skill level 15 in Axes
  6758 | D:7      | Found a runed translucent door.
  6759 | D:7      | Noticed Crazy Yiuf
  7175 | D:7      | Noticed Dowan
  7186 | D:7      | Killed Dowan
  7187 | D:7      | Reached skill level 16 in Axes
  7394 | D:7      | Noticed Duvessa
  7401 | D:7      | Killed Duvessa
  7454 | D:7      | Found a white marble altar of Elyvilon.
  7672 | D:7      | Found a staircase to the Ecumenical Temple.
  8026 | D:7      | Killed Crazy Yiuf
  8154 | D:8      | Reached skill level 17 in Axes
  8158 | D:8      | Reached XP level 10. HP: 56/77 MP: 9/9
  8468 | D:8      | Found Ypepol's Jewellery Shop.
  8592 | D:8      | Found a shadowy altar of Dithmenos.
  8662 | D:8      | Reached ***** piety under Trog
  8760 | D:8      | Found a radiant altar of Vehumet.
  8833 | D:9      | Found a flagged portal.
  9089 | D:9      | Reached skill level 18 in Axes
  9301 | Bailey   | Entered a bailey
  9340 | Bailey   | Noticed a gargoyle
  9349 | Bailey   | Killed a gargoyle
  9475 | Bailey   | Received a gift from Trog
  9523 | Bailey   | Reached skill level 19 in Axes
  9910 | D:9      | Found Etyepefo's Neck Hole.
  9929 | D:9      | Bought a scarf of resistance for 544 gold pieces
 10408 | D:9      | Found an ancient bone altar of Kikubaaqudgha.
 10465 | D:10     | Entered Level 10 of the Dungeon
 10465 | D:10     | Found a blossoming altar of Fedhas.
 10579 | D:10     | Reached XP level 11. HP: 82/82 MP: 10/10
 10637 | D:10     | Noticed a two-headed ogre
 10642 | D:10     | Killed a two-headed ogre
 10643 | D:10     | Reached skill level 20 in Axes
 10939 | D:10     | Noticed a two-headed ogre
 10944 | D:10     | Killed a two-headed ogre
 11142 | D:10     | Found a staircase to the Lair.
 11329 | D:10     | Noticed Psyche
 11340 | D:10     | Killed Psyche
 11402 | D:11     | Reached skill level 21 in Axes
 11731 | D:11     | Identified the +3 battleaxe "Rairchof" {vorpal, Drain rCorr
                  | Int+4 Stlth+}
 13140 | D:12     | Noticed Maurice
 13143 | D:12     | Noticed Jorgrun
 13160 | D:12     | HP: 4/82 [something (6)]
 13160 | D:12     | Slain by Jorgrun

Illustrated notes

Levels and vault maps discovered:
D:1:      minmay_arrival_open_corners, layout_loops_corners,
          columned_hall_lemuel, minmay_ruptured
D:2:      layout_basic, serial_corexii_hall, corexii_hall_statues_s,
          corexii_hall_statues_l, dreamdust_ecumenical_altar_statues,
          uniq_natasha
D:3:      layout_basic, uniq_ijyb
D:4:      layout_loops_corners, nicolae_qazlal_style_of_elements, zin_purify,
          cheibrodos_worm_habitat, serial_shops, kennysheep_little_box,
          kennysheep_another_room, hangedman_decor_lopped, uniq_eustachio
D:5:      layout_cave_pools, nicolae_yredelemnul_corpse_copse,
          mainiacjoe_overflow_alcove_1, uniq_grinder, uniq_menkaure,
          uniq_prince_ribbit1
D:6:      layout_basic, bloody_makhleb, kennysheep_generic_room_6
D:7:      layout_basic, nicolae_elyvilon_peaceful_grove,
          lemuel_temple_firewalk_b, uniq_crazy_yiuf_cottage, uniq_duvessa
D:8:      layout_basic, grunt_dithmenos_shadows,
          mainiacjoe_overflow_surrounded_room, serial_shops, kennysheep_mini
D:9:      layout_rooms, lemuel_zombie_altar_kikubaaqudgha, enter_bailey_5,
          nicolae_shop_sticking_my_neck_out
D:10:     layout_loops_ring, fedhas_ov_isle_minmay,
          grunt_lair_entry_orc_guard_hut, uniq_psyche
D:11:     layout_basic, serial_rivers, chequers_serial_rivers_small_3,
          chequers_serial_rivers_micro_a, chequers_serial_rivers_room_b,
          chequers_serial_rivers_room_a, chequers_serial_rivers_micro_b
D:12:     layout_long_grid, orc_0_dummy, serial_shops, nicolae_square_shop,
          uniq_jorgrun, uniq_maurice

Skill      XL: |  1  2  3  4  5  6  7  8  9 10 11 |
---------------+----------------------------------+-----
Axes           | 4 5 6 9 11 14 17 19 21 | 21.8
Fighting       | |  3.6
Armour         | |  2.4
Dodging        | |  2.1

Action                   |  1- 3 |  4- 6 |  7- 9 | 10-12 || total
-------------------------+-------+-------+-------+-------++-------
Melee: Hand axe          |    81 |   125 |       |       ||   206
       Headbutt          |     6 |    23 |    45 |    51 ||   125
       Punch             |     1 |       |     4 |     2 ||     7
       War axe           |       |     1 |   255 |   109 ||   365
       Battleaxe         |       |       |       |   172 ||   172
Throw: Dart              |       |     2 |    10 |       ||    12
       Throwing net      |       |       |     1 |       ||     1
Invok: Berserk           |       |     3 |     3 |     3 ||     9
  Use: Scroll            |       |     6 |     5 |     8 ||    19
       Potion            |       |       |       |     4 ||     4
Armor: Ring mail         |    15 |       |       |       ||    15
       Animal skin       |     2 |       |       |       ||     2
       Scale mail        |    18 |   100 |       |       ||   118
       Plate armour      |       |     2 |   142 |   136 ||   280
       Chain mail        |       |       |       |    73 ||    73
Dodge: Dodged            |    41 |   120 |    81 |   115 ||   357
Block: Kite shield       |       |       |       |    39 ||    39
